Match 43605906
Unlisted

Match 43605906
End
Construct Infanterie Kompanie
Kettenkrad Recon Vehicle
Selects Mechanized Battlegroup
Grenadier Squad
MG 42 Machine Gun Team
Grenadier Squad
Construct Luftwaffe Kompanie
Medical Bunker
Selects Mobile Repair Stations
Jäger Squad
221 Scout Car
Jäger Squad
Support Elements
Selects Raid Package
Marder III M Tank Destroyer
Selects StuG Assault Group
StuG Assault Group
Construct Panzergrenadier Kompanie
251 Medium Carrier
Gatom
JaegerMeisteR
Lt' Aldo Raine
Schmarsten Ca$hgeier
Frankenfreund
pacman
0
0

Comments sign in to comment!

No comments posted yet!